Map: Selva profunda EE

Players

Mightytaco

  • Race: Protoss Protoss
  • Spawn Location: 7:00

GSupreme

  • Race: Protoss Protoss
  • Spawn Location: 7:00

RAW

  • Race: Protoss Protoss
  • League: Silver
  • Spawn Location: 7:00

TATORREA - Winner!

  • Race: Protoss Protoss
  • League: Gold
  • Spawn Location: 1:00

MrFercho - Winner!

  • Race: Zerg Zerg
  • League: Gold
  • Spawn Location: 1:00

tigro - Winner!

  • Race: Terran Terran
  • League: Bronze
  • Spawn Location: 3:00

VOD

Have the link to the VOD?

Description

Time

  • Played on: Aug. 4, 2020, 8:57 p.m.
  • Length: 12:46
Show
View Real Time Build Order
Export as new Build Order

Mightytaco Protoss 

Build Orders: Blink Stalkers, Chargelot Immortal 

Get SALT Encoding   

  12  0:00  Probe  
  13  0:12  Probe  
  14  0:19  Pylon  
  14  0:25  Probe  
  15  0:37  Probe  
  15  0:41  Gateway  
  16  0:49  Probe  
  17  1:01  Probe (Chrono Boost)  
  18  1:06  Assimilator  
  18  1:11  Probe (Chrono Boost)  
  19  1:16  Probe (Chrono Boost)  
  20  1:20  Pylon  
  20  1:27  Probe  
  20  1:29  Cybernetics Core  
  22  1:40  Probe  
  22  1:44  Assimilator  
  22  1:52  Probe  
  23  2:02  Zealot  
  23  2:04  Probe  
  26  2:16  Probe  
  26  2:20  Warp Gate  
  27  2:25  Gateway  
  27  2:27  Gateway  
  27  2:28  Probe (Chrono Boost)  
  29  2:38  Probe (Chrono Boost)  
  29  2:43  Probe (Chrono Boost)  
  30  3:01  Probe (Chrono Boost)  
  31  3:05  Twilight Council  
  31  3:07  Pylon  
  31  3:12  Gateway  
  31  3:14  Pylon  
  31  3:22  Forge  
  31  3:24  Probe (Chrono Boost)  
  32  3:29  Stalker  
  32  3:30  Stalker x2  
  32  3:34  Probe  
  39  3:46  Probe  
  40  3:52  Blink  
  40  3:58  Probe  
  41  4:03  Robotics Facility  
  41  4:10  Probe  
  42  4:18  Nexus  
  42  4:21  Protoss Ground Armor Level 1 (Chrono Boost)  
  42  4:22  Probe  
  43  4:34  Probe  
  44  4:41  Robotics Facility  
  44  4:46  Probe  
  44  4:50  Pylon  
  45  4:54  Assimilator  
  45  4:58  Probe  
  46  5:10  Probe  
  45  5:15  Assimilator  
  41  5:26  Immortal  
  43  5:29  Stalker  
  43  5:31  Probe  
  46  5:40  Gateway  
  46  5:42  Probe  
  47  5:54  Probe  
  48  6:05  Immortal  
  48  6:06  Photon Cannon, Probe  
  53  6:11  Pylon  
  53  6:18  Probe (Chrono Boost)  
  54  6:31  Probe (Chrono Boost)  
  54  6:32  Photon Cannon  
  56  6:40  Pylon, Probe (Chrono Boost)  
  56  6:42  Photon Cannon  
  56  6:45  Immortal  
  56  6:46  Probe (Chrono Boost)  
  61  6:47  Protoss Ground Armor Level 2 (Chrono Boost)  
  61  6:52  Probe  
  62  6:55  Stalker  
  62  6:58  Charge  
  64  7:04  Probe  
  65  7:23  Nexus  
  65  7:25  Stalker x2  
  65  7:29  Stalker  
  69  8:04  Stalker  
  69  8:05  Stalker x4  
  77  8:07  Immortal  
  83  8:39  Probe (Chrono Boost)  
  85  8:48  Stalker x2, Probe (Chrono Boost)  
  85  8:49  Stalker, Zealot  
  85  8:50  Zealot  
  75  9:30  Zealot x4  
  75  9:31  Zealot  
  73  9:47  Probe (Chrono Boost)  
  73  9:49  Immortal x2  
  82  9:57  Assimilator, Probe (Chrono Boost)  
  82  9:59  Assimilator  
  83  10:05  Probe (Chrono Boost), Protoss Ground Weapons Level 1 (Chrono Boost)  
  84  10:09  Gateway, Probe (Chrono Boost)  
  84  10:13  Gateway  
  85  10:16  Robotics Bay  
  85  10:17  Probe  
  85  10:20  Probe  
  85  10:29  Probe, Zealot x2  
  85  10:30  Zealot  
  85  10:31  Stalker  
  85  10:32  Stalker  
  75  10:46  Probe  
  75  10:47  Dark Shrine  
  75  10:49  Photon Cannon  
  72  10:55  Photon Cannon  
  66  10:58  Probe  
  66  11:02  Stalker x4  
  66  11:03  Stalker  
  66  11:04  Stalker  
  77  11:25  Stalker x3  
  77  11:49  Observer  
  77  11:52  Stalker  
  77  11:53  Zealot x4  
  77  11:54  Zealot x2  
  70  12:15  Dark Templar x3  
  72  12:16  Dark Templar  
  72  12:17  Dark Templar  
  77  12:32  Stalker  
Show
View Real Time Build Order
Export as new Build Order

GSupreme Protoss 

Build Orders:  

Get SALT Encoding   

  12  0:02  Probe  
  13  0:14  Probe  
  14  0:20  Pylon  
  14  0:27  Assimilator  
  14  0:43  Gateway  
  14  0:47  Probe  
  15  0:59  Probe  
  16  1:11  Probe  
  17  1:23  Probe  
  18  1:33  Cybernetics Core  
  18  1:57  Nexus  
  18  2:01  Pylon  
  18  2:09  Assimilator  
  18  2:17  Stalker  
  20  2:23  Probe  
  21  2:31  Assimilator  
  21  2:35  Probe  
  22  2:47  Stalker, Probe  
  25  3:17  Stalker  
  27  3:21  Pylon  
  27  3:26  Probe (Chrono Boost)  
  28  3:37  Probe (Chrono Boost)  
  29  3:42  Probe (Chrono Boost)  
  29  3:47  Stalker  
  32  3:52  Gateway, Probe  
  33  4:04  Probe  
  34  4:17  Stalker  
  36  4:47  Stalker  
  38  5:17  Stalker  
  30  5:44  Stalker  
  30  5:47  Stalker  
  34  5:58  Probe (Chrono Boost)  
  34  5:59  Gateway  
  35  6:08  Probe (Chrono Boost)  
  36  6:13  Stalker, Probe (Chrono Boost)  
  36  6:17  Stalker  
  41  6:24  Probe  
  42  6:26  Pylon  
  42  6:29  Pylon  
  42  6:36  Probe  
  43  6:43  Stalker  
  43  6:46  Stalker  
  43  6:47  Stalker  
  49  6:48  Probe  
  50  7:00  Probe  
  51  7:12  Probe x2  
  51  7:13  Stalker  
  55  7:16  Stalker x2  
  59  7:24  Pylon, Probe  
  60  7:34  Robotics Facility  
  60  7:36  Probe  
  58  7:43  Stalker  
  51  7:46  Stalker x2  
  48  8:08  Probe (Chrono Boost)  
  49  8:13  Stalker  
  49  8:16  Stalker x2  
  49  8:18  Probe (Chrono Boost)  
  56  8:23  Probe (Chrono Boost)  
  57  8:34  Probe  
  58  8:43  Adept  
  58  8:46  Stalker x2, Probe  
  39  9:43  Stalker  
  39  9:45  Stalker  
  43  9:57  Stalker  
  45  10:06  Immortal  
  49  10:13  Stalker  
  51  10:15  Stalker  
  51  10:18  Robotics Bay  
  53  10:27  Stalker  
  55  10:41  Assimilator  
  41  10:57  Stalker  
  22  11:27  Stalker  
  22  11:31  Shield Battery  
  22  11:53  Gateway  
  22  12:06  Stalker (Chrono Boost)  
  22  12:26  Robotics Facility  
Show
View Real Time Build Order
Export as new Build Order

RAW Protoss 

Build Orders:  

Get SALT Encoding   

  12  0:01  Probe (Chrono Boost)  
  13  0:15  Pylon  
  13  0:42  Gateway  
  13  0:44  Assimilator  
  13  0:46  Assimilator  
  13  0:53  Forge  
  13  0:55  Probe  
  14  1:07  Probe  
  15  1:19  Probe  
  16  1:34  Cybernetics Core  
  16  1:42  Photon Cannon  
  16  1:47  Photon Cannon  
  16  2:09  Stalker (Chrono Boost)  
  18  2:17  Gateway  
  18  2:20  Warp Gate (Chrono Boost)  
  18  2:27  Probe  
  19  2:39  Probe  
  19  2:41  Photon Cannon  
  20  2:51  Probe  
  21  3:15  Stalker (Chrono Boost)  
  21  3:16  Photon Cannon  
  23  3:25  Pylon  
  23  3:29  Pylon  
  23  4:09  Stalker x2  
  27  4:30  Gateway  
  27  4:34  Gateway  
  27  4:41  Stalker x2  
  27  5:03  Nexus  
  25  5:31  Zealot x4  
  27  5:47  Pylon  
  27  5:57  Pylon  
  27  6:07  Stalker x2  
  27  6:08  Stalker  
  33  6:34  Photon Cannon  
  33  6:40  Robotics Facility  
  33  6:42  Probe (Chrono Boost)  
  34  6:50  Protoss Shields Level 1  
  34  6:51  Probe (Chrono Boost)  
  35  6:58  Probe (Chrono Boost)  
  36  7:08  Probe (Chrono Boost)  
  37  7:12  Photon Cannon  
  37  7:22  Assimilator  
  37  7:29  Pylon  
  37  7:35  Robotics Facility  
  23  7:55  Stalker x3  
  21  8:27  Probe (Chrono Boost)  
  22  8:37  Probe x2 (Chrono Boost)  
  24  8:44  Probe (Chrono Boost)  
  24  8:46  Probe (Chrono Boost)  
  26  8:49  Pylon  
  26  8:53  Probe  
  27  9:05  Probe  
  16  9:32  Stalker x2  
  16  9:33  Stalker x2  
  24  9:44  Photon Cannon  
  24  9:47  Photon Cannon  
  24  9:49  Probe  
  25  10:03  Stargate  
  25  10:09  Probe (Chrono Boost)  
  26  10:19  Probe (Chrono Boost)  
  27  10:21  Pylon  
  27  10:30  Sentry  
  19  10:54  Immortal (Chrono Boost)  
  23  11:07  Phoenix  
  25  11:17  Photon Cannon  
  25  11:26  Photon Cannon  
  14  11:40  Phoenix  
Show
View Real Time Build Order
Export as new Build Order

TATORREA Protoss - Winner!

Build Orders:  

Get SALT Encoding   

  12  0:04  Probe  
  13  0:16  Probe  
  14  0:28  Probe  
  15  0:30  Pylon  
  15  0:41  Assimilator  
  15  0:44  Pylon  
  15  0:54  Probe  
  15  0:55  Gateway  
  16  1:11  Probe (Chrono Boost)  
  17  1:22  Gateway, Probe (Chrono Boost)  
  18  1:27  Probe (Chrono Boost)  
  19  1:38  Probe  
  20  1:50  Probe  
  21  1:58  Cybernetics Core  
  21  2:02  Probe  
  22  2:14  Assimilator, Probe  
  22  2:16  Pylon  
  22  2:26  Probe  
  23  2:32  Nexus  
  23  2:38  Pylon  
  23  2:41  Warp Gate (Chrono Boost), Probe  
  24  2:53  Probe  
  25  3:10  Robotics Facility  
  25  3:11  Probe  
  26  3:12  Twilight Council  
  26  3:23  Probe  
  27  3:35  Probe  
  27  3:40  Stargate  
  28  3:44  Gateway  
  28  3:48  Pylon, Probe  
  29  3:51  Probe  
  29  3:53  Charge (Chrono Boost)  
  30  4:09  Probe  
  31  4:11  Probe  
  31  4:16  Observer  
  33  4:21  Gateway  
  33  4:30  Zealot  
  35  4:34  Zealot  
  35  4:37  Warp Prism  
  39  4:39  Probe x2  
  41  4:51  Probe x2  
  46  4:58  Void Ray  
  47  5:01  Zealot  
  47  5:02  Zealot  
  47  5:04  Zealot  
  47  5:06  Blink (Chrono Boost)  
  53  5:24  Zealot x3  
  55  5:28  Zealot  
  57  5:39  Probe x2  
  59  5:48  Assimilator  
  59  5:51  Probe  
  59  5:52  Probe  
  59  5:53  Assimilator  
  59  5:54  Void Ray  
  59  5:56  Gateway  
  65  6:01  Immortal (Chrono Boost)  
  65  6:03  Probe  
  70  6:24  Pylon  
  70  6:29  Pylon  
  70  6:32  Pylon  
  70  6:42  Void Ray, Immortal  
  78  6:48  Zealot x2  
  78  6:49  Zealot x2  
  86  7:10  Zealot x4  
  80  7:44  Zealot x2  
  80  7:45  Zealot x3  
  70  8:05  Zealot x3  
  68  8:06  Zealot x2  
  70  8:26  Zealot  
  70  8:27  Zealot x3  
  72  8:28  Zealot  
  72  8:33  Probe x2  
  80  8:38  Immortal  
  80  8:40  Void Ray  
  88  8:45  Probe  
  89  8:55  Zealot  
  91  8:56  Zealot  
  93  9:11  Pylon  
  93  9:13  Nexus  
  93  9:15  Pylon  
  89  9:25  Zealot x4  
  93  9:38  Zealot  
  95  9:50  Void Ray  
  99  10:00  Forge  
  99  10:04  Probe  
  99  10:05  Probe  
  99  10:06  Forge  
  101  10:09  Zealot x3  
  101  10:10  Zealot  
  109  10:17  Probe  
  110  10:24  Assimilator x2  
  110  10:25  Probe  
  109  11:11  Zealot x4  
  113  11:12  Zealot  
  105  11:27  Zealot x3  
  105  11:28  Zealot x2  
  115  11:48  Probe x3  
  116  12:00  Probe x2  
  116  12:01  Probe  
  113  12:10  Zealot x4  
  113  12:11  Zealot  
Show
View Real Time Build Order
Export as new Build Order

MrFercho Zerg - Winner!

Build Orders: Pool First 

Get SALT Encoding   

  12  0:19  Spawning Pool  
  11  0:25  Drone  
  11  0:27  Drone  
  13  0:35  Overlord  
  13  0:40  Drone  
  14  0:53  Drone  
  15  1:01  Drone  
  16  1:09  Queen  
  18  1:14  Zergling x2  
  19  1:20  Zergling x2  
  20  1:31  Zergling x2  
  21  1:40  Drone  
  22  1:49  Hatchery  
  22  1:52  Drone  
  22  2:09  Extractor, Drone  
  22  2:23  Overlord x2  
  20  3:00  Drone  
  20  3:01  Drone x2  
  20  3:02  Overlord  
  22  3:10  Overlord x2  
  22  3:12  Zergling x4  
  24  3:14  Drone  
  24  3:15  Queen  
  24  3:18  Queen  
  29  3:20  Drone  
  29  3:22  Drone  
  31  3:29  Drone  
  32  3:43  Drone x2  
  34  3:50  Drone  
  34  3:51  Drone  
  34  3:53  Metabolic Boost  
  36  4:01  Drone x4  
  40  4:05  Drone  
  40  4:09  Drone  
  42  4:18  Drone x2  
  42  4:24  Queen  
  44  4:27  Drone x2  
  44  4:28  Drone x2  
  50  4:31  Overlord  
  50  4:32  Drone x2  
  50  4:35  Extractor  
  50  4:36  Extractor  
  50  4:37  Lair  
  50  4:38  Drone  
  51  4:47  Drone  
  52  4:58  Zergling x2  
  52  4:59  Zergling x14  
  60  5:15  Baneling Nest, Drone  
  60  5:16  Evolution Chamber  
  60  5:17  Overlord  
  60  5:18  Overlord  
  56  5:41  Zergling x16  
  64  5:46  Zerg Melee Weapons Level 1  
  64  6:17  Drone  
  64  6:18  Drone x7  
  72  6:32  Hatchery  
  71  6:36  Extractor  
  71  6:37  Centrifical Hooks  
  70  6:48  Hatchery  
  70  6:51  Hatchery, Drone x2  
  70  6:52  Hydralisk Den, Drone  
  70  6:54  Drone x5  
  75  6:55  Overlord x3  
  75  7:16  Baneling x13  
  75  7:18  Zergling x12  
  81  7:25  Zergling x6  
  77  7:43  Zergling x2  
  77  7:44  Zergling x10  
  70  8:12  Drone  
  70  8:13  Extractor x2, Drone x2  
  70  8:14  Drone  
  70  8:15  Drone x2  
  70  8:17  Drone x2  
  75  8:22  Muscular Augments  
  75  8:26  Evolution Chamber  
  74  8:43  Infestation Pit  
  74  8:44  Zerg Missile Weapons Level 1  
  74  8:47  Drone  
  74  8:52  Evolution Chamber  
  73  8:56  Baneling x17  
  73  8:57  Zergling x8  
  73  8:58  Zergling x28  
  91  9:15  Zergling x28  
  92  9:25  Zergling x2  
  92  9:26  Zergling x8  
  93  9:31  Queen  
  93  9:33  Grooved Spines  
  95  9:46  Baneling x13  
  95  9:47  Baneling x5  
  95  9:48  Zergling x28  
  109  10:04  Hive  
  109  10:06  Zerg Melee Weapons Level 2  
  109  10:13  Overlord  
  109  10:14  Overlord x5  
  93  10:38  Hydralisk x5  
  93  10:39  Hydralisk x13  
  93  10:40  Hydralisk  
  93  10:42  Zergling x4  
  115  11:03  Hatchery  
  114  11:11  Hydralisk  
  114  11:12  Hydralisk x6  
  128  11:31  Hydralisk  
  130  11:33  Zergling x16  
  130  11:34  Zergling x14  
  145  11:48  Lurker Den  
  144  12:08  Overlord x4  
  144  12:10  Zergling x2  
  144  12:11  Zergling x24  
Show
View Real Time Build Order
Export as new Build Order

tigro Terran - Winner!

Build Orders:  

Get SALT Encoding   

  12  0:12  Supply Depot  
  12  0:13  SCV  
  13  0:25  SCV  
  13  0:27  Refinery  
  14  0:45  Barracks  
  14  0:46  SCV  
  15  0:58  SCV  
  16  1:10  SCV  
  17  1:18  Supply Depot  
  17  1:22  SCV  
  18  1:34  SCV  
  18  1:37  Marine  
  20  1:46  Refinery  
  20  1:55  Marine  
  20  1:56  SCV  
  22  2:06  Factory  
  22  2:13  Marine, SCV  
  24  2:25  SCV  
  25  2:31  Marine  
  26  2:37  SCV  
  27  2:45  Engineering Bay  
  27  2:48  Marine  
  27  2:50  Factory Tech Lab  
  28  2:58  Orbital Command  
  28  3:13  Siege Tank  
  28  3:15  Barracks Tech Lab  
  31  3:25  Terran Infantry Weapons Level 1  
  31  3:45  Siege Tank  
  31  3:46  Combat Shield, Starport  
  34  4:44  Medivac  
  36  4:46  Marine  
  37  5:04  Marine  
  37  5:05  Stimpack  
  30  5:16  Siege Tank  
  30  5:19  Terran Infantry Armor Level 1  
  30  5:21  Marine  
  31  5:39  Marine  
  32  5:55  Starport Tech Lab  
  32  5:57  Marine  
  32  6:02  Command Center  
  33  6:15  Marine  
  34  6:21  Missile Turret  
  34  6:33  Marine  
  35  6:42  Missile Turret  
  35  6:50  Marine  
  36  7:05  Missile Turret  
  36  7:08  Marine  
  36  7:10  Armory  
  36  7:13  Fusion Core, Cyclone, Neosteel Armor  
  40  7:16  Refinery  
  40  7:26  Marine  
  41  7:42  Missile Turret  
  41  7:44  Marine  
  41  7:46  Supply Depot  
  42  8:02  Marine  
  43  8:08  Missile Turret  
  43  8:10  Supply Depot  
  43  8:19  Marine  
  43  8:20  Refinery  
  43  8:22  SCV  
  45  8:34  SCV  
  45  8:38  Barracks  
  46  8:46  SCV  
  47  8:53  Hi-Sec Auto Tracking  
  41  8:58  SCV  
  41  9:02  Medivac  
  34  9:05  Marine  
  30  9:12  Planetary Fortress  
  30  9:23  Marine  
  31  9:27  Cyclone  
  34  9:32  Medivac  
  36  9:40  Marine  
  37  9:46  Terran Vehicle Weapons Level 1  
  37  9:56  SCV  
  37  9:58  Marine  
  37  9:59  Barracks Reactor, Cyclone  
  42  10:08  SCV  
  43  10:16  Marine  
  43  10:20  SCV  
  45  10:31  Cyclone  
  45  10:32  SCV  
  45  10:34  Marine  
  50  10:43  Marine x2  
  50  10:44  SCV  
  53  10:52  Marine  
  54  11:00  Marine  
  54  11:01  Marine  
  54  11:03  Cyclone  
  59  11:09  Marine  
  60  11:18  Marine  
  60  11:19  Marine  
  62  11:27  Marine  
  63  11:35  Cyclone  
  63  11:36  Marine x2  
  60  11:45  Marine  
  54  11:52  Medivac  
  56  11:54  Marine x2  
  58  12:03  Marine  
  65  12:12  Marine x2  
  66  12:21  Marine  
Tags
 
Add a new tag
Caveats
  • Supply blocks, unpowered buildings, or Contaminate may cause inaccurate times.
  • Supply counts are checked every 10 seconds.